 Seeded DCSS version 0.29.1-15-g9cfb28693d (webtiles) character file.

Game seed: 8515177902725472229 (custom seed)

50 Psyclone the Conjurer (level 3, 19/19 HPs)
             Began as a Deep Elf Conjurer on Oct 4, 2023.
             Quit the game on level 2 of the Dungeon.
             The game lasted 00:02:14 (580 turns).

Psyclone the Conjurer (Deep Elf Conjurer)            Turns: 580, Time: 00:02:14

Health: 19/19      AC:  4    Str:  4    XL:     3   Next: 55%
Magic:  10/10      EV: 12    Int: 28    God:
Gold:   130        SH:  0    Dex: 11    Spells: 6/9 levels left

rFire   + + .      SeeInvis .   (no weapon)
rCold   . . .      Faith    .   (no shield)
rNeg    + + +      Spirit   .   g - +1 robe {Archmagi}
rPois   .          Reflect  .   (no helmet)
rElec   .          Harm     .   (no cloak)
rCorr   .          Rampage  .   (no gloves)
Will    +....      Archmagi +   (no boots)
Stlth   ++........              d - amulet of Ulanasak {RegenMP rF+ Dex+2 Stlth-}
HPRegen 0.06/turn               e - ring of Ugarorum {Wiz rN+++ Int+4 Dex-4 Stlth+}
MPRegen 0.52/turn               (no ring)

@: no status effects
A: fire resistance 1, strong-willed 1, shaggy fur 1, wild magic 1
a: no special abilities


You were on level 2 of the Dungeon.
You visited 1 branch of the dungeon, and saw 2 of its levels.

You collected 457 gold pieces.
You spent 327 gold pieces at shops.

Inventory:

Missiles
 c - 3 throwing nets {!f}
Armour
 a - a +0 robe
 g - a +1 robe of the Archmagi (worn)
Jewellery
 d - the amulet of Ulanasak (around neck) {RegenMP rF+ Dex+2 Stlth-}
   (You acquired it on level 2 of the Dungeon)

   [amulet of magic regeneration]

   It increases your rate of magic regeneration.
   Dex:       It affects your dexterity (+2).
   rF:        It protects you from fire.
   Stlth:     It makes you less stealthy.
 e - the ring of Ugarorum (left hand) {Wiz rN+++ Int+4 Dex-4 Stlth+}
   (You acquired it on level 2 of the Dungeon)

   [ring of wizardry]

   It improves your spell success rate.
   Int:       It affects your intelligence (+4).
   Dex:       It affects your dexterity (-4).
   rN:        It renders you almost immune to negative energy.
   Stlth:     It makes you more stealthy.
Scrolls
 f - a scroll of enchant weapon {unknown}
Potions
 b - a potion of magic


   Skills:
 + Level 3.2 Dodging
 + Level 3.2 Stealth
 + Level 3.7 Spellcasting
 + Level 4.8 Conjurations


You had 6 spell levels left.
You knew the following spells:

 Your Spells              Type           Power      Damage    Failure   Level
a - Magic Dart            Conj           100%       1d8       1%          1
b - Searing Ray           Conj           100%       2d8       1%          2

Your spell library contained the following spells:

 Spells                   Type           Power      Damage    Failure   Level
 Dazzling Flash           Conj/Hex       72%        N/A       5%          3
 Mephitic Cloud           Conj/Pois/Air  27%        N/A       7%          3
 Ignite Poison            Fire/Tmut/Pois 10%        N/A       12%         3
 Fulminant Prism          Conj/Hex       18%        3d11      16%         4
 Iskenderun's Mystic Bla  Conj/Tloc      36%        2d9       16%         4
 Freezing Cloud           Conj/Ice/Air   13%        6-21      45%         5


Dungeon Overview and Level Annotations

Branches:
Dungeon (2/15) Zot: 11420

Altars:
Xom

Shops:
D:2 *


Innate Abilities, Weirdness & Mutations

Your flesh is heat resistant. (rF+)
You are strong-willed. (Will+)
You are covered in fur. (AC +1)
Your spells are a little harder to cast, but a little more powerful.


Message History

Casting: Magic Dart (safe; 1% risk of failure)
Confirm with . or Enter, or press ? or * to list all spells.
Aiming: Magic Dart (safe; 1% risk of failure)
Press: ? - help, Shift-Dir - straight line, f/p - goblin
Aim: a goblin, wielding a +0 dagger (moderately wounded, 100% to hit)
The magic dart hits the goblin.
The goblin is heavily wounded.
The goblin misses you.
Casting: Magic Dart (safe; 1% risk of failure)
Confirm with . or Enter, or press ? or * to list all spells.
Aiming: Magic Dart (safe; 1% risk of failure)
Press: ? - help, Shift-Dir - straight line, f/p - goblin
Aim: a goblin, wielding a +0 dagger (heavily wounded, 100% to hit)
The magic dart hits the goblin.
You kill the goblin!
You now have 8/10 mp.
Casting: Magic Dart (safe; 1% risk of failure)
Confirm with . or Enter, or press ? or * to list all spells.
You can't see any susceptible monsters within range! (Use Z to cast anyway.)
Casting: Magic Dart (safe; 1% risk of failure)
Confirm with . or Enter, or press ? or * to list all spells.
You can't see any susceptible monsters within range! (Use Z to cast anyway.) Magic restored.
You now have 457 gold pieces (gained 9).
Things that are here:
a +0 dagger; a goblin corpse
f - a scroll labelled ZOAFAJOPHO MP restored: 10
Found Vuamm's General Store.
There is an entrance to Vuamm's General Store here.
g - a +1 robe of the Archmagi Thank you for shopping at Vuamm's General Store!
You start removing your armour.
You continue taking off your +0 robe. x4
You finish taking off your +0 robe.
You start putting on your armour.
You continue putting on your +1 robe of the Archmagi. x5
You finish putting on your +1 robe of the Archmagi.
You feel powerful.
There is a stone staircase leading up here.
Are you sure you want to abandon this character and quit the game? (Confirm with "yes".)

#.# ####.# #....##
#.#...## #..###.#
#..###.# ####)#...#
#############
.........###...........#
####............@.......
#.._..##.##########.#
#.....##.# #.....##.#
##.......### ##........#
####......#..#
#........###.#
#.##......#....


There were no monsters in sight!

Vanquished Creatures
  4 gnolls (D:2)
  A ball python (D:2)
  A bat (D:1)
  A goblin (D:2)
  A hobgoblin (D:2)
  3 jackals (D:2)
  A frilled lizard (D:2)
  A rat (D:1)
13 creatures vanquished.

Notes
Turn   | Place    | Note
-------+----------+-------------------------------------------
     0 | D:1      | Psyclone the Deep Elf Conjurer began the quest for the Orb.
     0 | D:1      | Reached XP level 1. HP: 10/10 MP: 6/6
    54 | D:1      | Gained mutation: You are covered in fur. (AC +1) [potion of
                  | mutation]
    54 | D:1      | Gained mutation: Your spells are a little harder to cast,
                  | but a little more powerful. [potion of mutation]
    54 | D:1      | Gained mutation: You are strong-willed. (Will+) [potion of
                  | mutation]
    54 | D:1      | Gained mutation: Your flesh is heat resistant. (rF+)
                  | [potion of mutation]
   135 | D:2      | Reached XP level 2. HP: 15/15 MP: 0/8
   207 | D:2      | Learned a level 2 spell: Searing Ray
   209 | D:2      | Found a shimmering altar of Xom.
   245 | D:2      | Reached XP level 3. HP: 4/19 MP: 6/10
   293 | D:2      | Identified 4 scrolls of acquirement
   293 | D:2      | Acquired the amulet of Ulanasak {RegenMP rF+ Dex+2 Stlth-}
   294 | D:2      | Acquired a Trismegistus Codex
   295 | D:2      | Acquired 448 gold pieces
   296 | D:2      | Acquired the ring of Ugarorum {Wiz rN+++ Int+4 Dex-4
                  | Stlth+}
   544 | D:2      | Found Vuamm's General Store.
   552 | D:2      | Bought a +1 robe of the Archmagi for 327 gold pieces
   580 | D:2      | Quit the game

Illustrated notes

Levels and vault maps discovered:
D:1:      sevenhm_arrival_forest_fort_large_4, layout_basic,
          nrook_loot_triangle, minmay_lizard_pond
D:2:      layout_loops_ring, basic_altar, serial_shops,
          nicolae_shop_temple_entry_statues_fountains

Skill      XL: |  1  2 |
---------------+-------+-----
Dodging        | 3 |  3.2
Stealth        | 3 |  3.2
Spellcasting   | |  3.7
Conjurations   | |  4.8

Action                   || total
-------------------------++-------
Melee: Unarmed           ||     6
 Cast: Magic Dart        ||    13
       Searing Ray       ||     1
  Use: Potion            ||     2
       Scroll            ||     4
Armor: Robe              ||     8
Dodge: Dodged            ||    11
